 Dungeon Crawl Stone Soup version 0.31.0-32-g396128a36d (webtiles) character file.

Game seed: 1190247805215397288

135 0gre the Chiller (level 5, -2/37 HPs)
             Began as a Gnoll Ice Elementalist on Apr 10, 2024.
             Slain by an ogre
             ... wielding a +0 giant club
              (20 damage)
             ... on level 3 of the Dungeon.
             The game lasted 00:08:36 (1835 turns).

0gre the Chiller (Gnoll Ice Elementalist)           Turns: 1835, Time: 00:08:36

Health: -2/37      AC:  4    Str:  7    XL:     5   Next: 18%
Magic:  3/12       EV: 14    Int: 15    God:
Gold:   119        SH:  0    Dex: 14    Spells: 7/14 levels left

rFire   . . .        a - +0 rapier
rCold   . . .        (no shield)
rNeg    . . .        e - +0 robe
rPois   .            q - +0 helmet
rElec   .            k - +0 cloak
rCorr   .            (no gloves)
SInv    .            (no boots)
Will    .....        (no amulet)
Stlth   +++          (no ring)
HPRegen 0.26/turn    (no ring)
MPRegen 0.13/turn

%: no passive effects
@: freezing walls
A: fangs 1, strong nose, distributed training
a: no special abilities


You were on level 3 of the Dungeon.
You visited 1 branch of the dungeon, and saw 3 of its levels.

You collected 119 gold pieces.

Inventory:

Hand Weapons
 a - a +0 rapier (weapon)
 c - a +2 spear of flaming
Armour
 e - a +0 robe (worn)
 k - a +0 cloak (worn)
 p - a scarf of invisibility
 q - a +0 helmet (worn)
Wands
 j - a wand of flame (16)
Scrolls
 d - a scroll of teleportation {unknown}
 g - 2 scrolls of immolation {unknown}
 h - a scroll of enchant armour {unknown}
 i - a scroll of amnesia {unknown}
 m - 3 scrolls of blinking {unknown}
 o - 2 scrolls of identify {unknown}
Potions
 b - a potion of magic
 f - 2 potions of curing {unknown}
 l - a potion of degeneration {unknown}
 n - a potion of resistance {unknown}
 r - 2 potions of berserk rage {unknown}


   Skills:
 + Level 1.4 Fighting
 + Level 1.4 Short Blades
 + Level 1.4 Long Blades
 + Level 1.4 Axes
 + Level 1.4 Maces & Flails
 + Level 1.4 Polearms
 + Level 1.4 Staves
 + Level 1.4 Ranged Weapons
 + Level 1.4 Throwing
 + Level 1.4 Armour
 + Level 4.8 Dodging
 + Level 4.4 Stealth
 + Level 1.4 Shields
 + Level 1.4 Unarmed Combat
 + Level 5.2 Spellcasting
 + Level 1.1 Conjurations
 + Level 1.1 Hexes
 + Level 1.1 Summonings
 + Level 1.1 Necromancy
 + Level 1.1 Translocations
 + Level 1.1 Fire Magic
 + Level 7.2 Ice Magic
 + Level 1.1 Air Magic
 + Level 1.1 Earth Magic
 + Level 1.1 Alchemy
 + Level 1.6 Invocations
 + Level 1.4 Evocations
 + Level 1.3 Shapeshifting


You had 7 spell levels left.
You knew the following spells:

 Your Spells              Type           Power      Damage    Failure   Level
a - Freeze                Ice            100%       1d10      1%          1
b - Frozen Ramparts       Ice            50%        1d8       2%          3
c - Hailstorm             Conj/Ice       16%        3d6       9%          3

Your spell library contained the following spells:

 Spells                   Type           Power      Damage    Failure   Level
 Ozocubu's Armour         Ice            25%        N/A       2%          3
 Summon Ice Beast         Ice/Summ       16%        N/A       9%          3


Dungeon Overview and Level Annotations

Branches:
Dungeon (3/15)

Altars:


Innate Abilities, Weirdness & Mutations

You have very sharp teeth.
Your uncanny sense of smell can sniff out nearby items.
Your experience applies equally to all skills.


Message History

What level of the Dungeon? (default 2, ? - help)
There is a stone staircase leading down here.
You climb downwards.
There is a stone staircase leading up here.
An ogre comes into view. It is wielding a +0 giant club.
Found 13 gold pieces.
The ogre moves out of view.
This spell is dangerous to cast!
You start memorising the spell.
You continue memorising. x3
You finish memorising.
Spell assigned to 'c'.
Okay, then.
You now have 119 gold pieces (gained 13).
Casting: Freeze (safe; 1% risk of failure)
Confirm with . or Enter, or press ? or * to list all spells.
Casting: Hailstorm (dangerous; 9% risk of failure)
Press: ? - help, Dir - look around, f - activate A cannonade of hail descends around you!
The hail pelts the ogre!
The ogre is heavily wounded.
The ogre shouts!
Casting: Hailstorm (dangerous; 9% risk of failure)
Confirm with . or Enter, or press ? or * to list all spells.
Casting: Hailstorm (dangerous; 9% risk of failure)
Press: ? - help, Dir - look around, f - activate A cannonade of hail descends around you!
The hail misses the ogre.
You puncture the ogre! Your bite misses the ogre.
The ogre is severely wounded.
The ogre hits you with a +0 giant club!!
Ouch! That really hurt!
Casting: Hailstorm (dangerous; 9% risk of failure)
Confirm with . or Enter, or press ? or * to list all spells.
Casting: Frozen Ramparts (dangerous; 2% risk of failure)
Press: ? - help, Dir - look around, f - activate The walls around you are covered in ice.
You puncture the ogre!
The ogre is almost dead.
The wall freezes the ogre but does no damage.
The ogre hits you with a +0 giant club!!
Ouch! That really hurt!
You die...

### ∆ ..# #.# #
#.### #
##.###...# ..
##........#.###
#.....O........
#.# #@.# #.#
#..# #.# #..#
#.# #..#
#.###.#####..#
#............#
#####.######.#
#.# #.# #.# #.#


You could see an ogre.

Vanquished Creatures
  Crazy Yiuf (D:2)
  Jessica (D:2)
  Robin (D:2)
  2 adders (D:2)
  A ribbon worm (D:2)
  3 bats
  3 endoplasms
  2 giant cockroaches (D:2)
  10 goblins (D:2)
  4 hobgoblins
  3 jackals (D:2)
  3 kobolds
  3 quokkas
  2 ball pythons (D:2)
  10 rats
49 creatures vanquished.

Notes
Turn   | Place    | Note
-------+----------+-------------------------------------------
     0 | D:1      | 0gre the Gnoll Ice Elementalist began the quest for the
                  | Orb.
     0 | D:1      | Reached XP level 1. HP: 13/13 MP: 6/6
   254 | D:1      | Reached XP level 2. HP: 19/19 MP: 7/7
   865 | D:2      | Reached skill level 5 in Spellcasting
   865 | D:2      | Reached XP level 3. HP: 18/25 MP: 6/9
   959 | D:2      | Found a runed translucent door.
   964 | D:2      | Learned a level 3 spell: Frozen Ramparts
   964 | D:2      | Noticed Crazy Yiuf
   973 | D:2      | Killed Crazy Yiuf
   974 | D:2      | Reached skill level 1 in Fighting
   974 | D:2      | Reached skill level 1 in Short Blades
   974 | D:2      | Reached skill level 1 in Long Blades
   974 | D:2      | Reached skill level 1 in Axes
   974 | D:2      | Reached skill level 1 in Maces & Flails
   974 | D:2      | Reached skill level 1 in Polearms
   974 | D:2      | Reached skill level 1 in Staves
   974 | D:2      | Reached skill level 1 in Ranged Weapons
   974 | D:2      | Reached skill level 1 in Throwing
   974 | D:2      | Reached skill level 1 in Armour
   974 | D:2      | Reached skill level 1 in Shields
   974 | D:2      | Reached skill level 1 in Unarmed Combat
   974 | D:2      | Reached skill level 1 in Invocations
   974 | D:2      | Reached skill level 1 in Evocations
   983 | D:2      | Identified the +6 hammer of Cuinkeod {vamp, rF++ Str-4
                  | Stlth+}
  1115 | D:2      | Reached skill level 1 in Shapeshifting
  1115 | D:2      | Reached XP level 4. HP: 32/32 MP: 4/11
  1318 | D:2      | Noticed Robin
  1341 | D:2      | Reached skill level 1 in Conjurations
  1341 | D:2      | Reached skill level 1 in Hexes
  1341 | D:2      | Reached skill level 1 in Summonings
  1341 | D:2      | Reached skill level 1 in Necromancy
  1341 | D:2      | Reached skill level 1 in Translocations
  1341 | D:2      | Reached skill level 1 in Fire Magic
  1341 | D:2      | Reached skill level 1 in Air Magic
  1341 | D:2      | Reached skill level 1 in Earth Magic
  1341 | D:2      | Reached skill level 1 in Alchemy
  1344 | D:2      | Killed Robin
  1452 | D:2      | Noticed Jessica
  1458 | D:2      | Killed Jessica
  1459 | D:2      | Reached XP level 5. HP: 25/37 MP: 8/12
  1810 | D:3      | Noticed an ogre
  1815 | D:3      | Learned a level 3 spell: Hailstorm
  1835 | D:3      | Slain by an ogre

Illustrated notes

Levels and vault maps discovered:
D:1:      spicycebolla_green_bress_n_ham, layout_basic
D:2:      layout_loops_ring, minmay_joined_circles, uniq_jessica,
          uniq_crazy_yiuf_cottage, uniq_robin
D:3:      layout_loops_ring, mainiacjoe_overflow_boulevard,
          minmay_misc_feat_five, uniq_grinder, uniq_sigmund

Skill      XL: |  1  2  3  4 |
---------------+-------------+-----
Spellcasting   | 5 |  5.2
Fighting       | 1 |  1.4
Short Blades   | 1 |  1.4
Long Blades    | 1 |  1.4
Axes           | 1 |  1.4
Maces & Flails | 1 |  1.4
Polearms       | 1 |  1.4
Staves         | 1 |  1.4
Ranged Weapons | 1 |  1.4
Throwing       | 1 |  1.4
Armour         | 1 |  1.4
Shields        | 1 |  1.4
Unarmed Combat | 1 |  1.4
Invocations    | 1 |  1.6
Evocations     | 1 |  1.4
Shapeshifting  | 1 |  1.3
Conjurations   | 1 |  1.1
Hexes          | 1 |  1.1
Summonings     | 1 |  1.1
Necromancy     | 1 |  1.1
Translocations | 1 |  1.1
Fire Magic     | 1 |  1.1
Air Magic      | 1 |  1.1
Earth Magic    | 1 |  1.1
Alchemy        | 1 |  1.1
Dodging        | |  4.8
Stealth        | |  4.4
Ice Magic      | |  7.2

Action                     |  1- 3 |  4- 6 || total
---------------------------+-------+-------++-------
  Melee: Mace              |    28 |       ||    28
         Dagger            |     3 |       ||     3
         Bite              |     3 |     3 ||     6
         Rapier            |    15 |    35 ||    50
         Punch             |     1 |     1 ||     2
   Cast: Freeze            |    11 |     1 ||    12
         Frozen Ramparts   |     3 |     7 ||    10
         Hailstorm         |       |     2 ||     2
   Stab: Sleeping          |     3 |     5 ||     8
 Armour: Robe              |    28 |    17 ||    45
  Dodge: Dodged            |    42 |    24 ||    66
